 Dungeon Crawl Stone Soup version 0.29.1-13-g9f3cf754e1 (webtiles) character file.

Game seed: 4526253404164570711

127 Linkola the Covered (level 4, -3/40 HPs)
             Began as a Minotaur Fighter on Jan 22, 2023.
             Killed from afar by Natasha (7 damage)
             ... with a bolt of light
             ... on level 3 of the Dungeon.
             The game lasted 00:04:50 (1923 turns).

Linkola the Covered (Minotaur Fighter)              Turns: 1923, Time: 00:04:51

Health: -3/40      AC:  9    Str: 22    XL:     4   Next: 85%
Magic:  3/3        EV:  6    Int:  5    God:
Gold:   107        SH:  0    Dex: 10    Spells: 3/3 levels left

rFire   . . .      SeeInvis .   a - +1 war axe
rCold   . . .      Faith    .   h - +0 kite shield
rNeg    . . .      Spirit   .   j - +0 chain mail
rPois   .          Reflect  .   (helmet restricted)
rElec   .          Harm     .   (no cloak)
rCorr   .          Rampage  .   (no gloves)
Will    .....                   (no boots)
Stlth   ..........              (no amulet)
HPRegen 0.13/turn               (no ring)
MPRegen 0.08/turn               (no ring)

@: confused
A: horns 2, retaliatory headbutt, hooves 1, wild magic 2, evolution 1
a: no special abilities


You were on level 3 of the Dungeon.
You visited 1 branch of the dungeon, and saw 3 of its levels.

You collected 107 gold pieces.

Inventory:

Hand Weapons
 a - a +1 war axe (weapon)
Missiles
 c - 2 poisoned darts
 f - 7 stones (quivered)
Armour
 h - a +0 kite shield (worn)
 j - a +0 chain mail (worn)
Wands
 m - a wand of roots (8)
Scrolls
 b - a scroll of enchant weapon
Potions
 d - a potion of might
 e - a potion of ambrosia
 i - a potion of flight
 n - a potion of brilliance


   Skills:
 + Level 4.0 Fighting
 + Level 3.9 Axes
 * Level 1.3 Throwing
 + Level 4.6 Armour
 + Level 0.3 Dodging
 + Level 3.8 Shields
 * Level 1.2 Evocations


You had 3 spell levels left.
You didn't know any spells.
Your spell library contained the following spells:

 Spells                   Type           Power      Damage    Failure   Level
 Ensorcelled Hibernation  Hex/Ice        0%         N/A       100%        2
 Passwall                 Tmut/Erth      0%         N/A       100%        2
 Gell's Gravitas          Tloc           0%         N/A       100%        3
 Lesser Beckoning         Tloc           0%         N/A       100%        3
 Swiftness                Air            0%         N/A       100%        3
 Teleport Other           Tloc           0%         N/A       100%        3


Dungeon Overview and Level Annotations

Branches:
Dungeon (3/15)

Altars:

Annotations:
D:3 Natasha


Innate Abilities, Weirdness & Mutations

You have a pair of horns on your head.
You reflexively headbutt those who attack you in melee.
You have large cloven feet.
Your spells are harder to cast, but more powerful.
You have hidden genetic potential.


Message History

Natasha is moderately wounded.
You block Natasha's attack. Natasha claws you.
You slash Natasha!
You kill Natasha!
Natasha yowls pathetically as she dies!
You block the adder's attack.
You closely miss the adder. Your headbutt misses the adder.
The adder bites you but does no damage. You block the adder's attack.
You closely miss the adder. Your headbutt misses the adder.
You block the adder's attack. The adder bites you but does no damage.
You hit the adder.
The adder is heavily wounded.
The adder bites you.
You are poisoned.
The adder poisons you! The adder barely misses you.
You closely miss the adder.
The adder is heavily wounded.
You feel sick. You block the adder's attack. The adder barely misses you.
You furiously retaliate!
You headbutt the adder. You hit the adder.
You kill the adder!
You feel sick.
You feel sick.
Things that are here:
an adder corpse; the felid corpse of Natasha You feel sick.
You are no longer poisoned.
Found 6 gold pieces.
Found a white potion.
You feel a genetic drift.
Your feet thicken and deform.
You now have 107 gold pieces (gained 6).
Natasha, Servant of Life and Death comes into view.
She is carrying a wand of light (9).
Natasha hisses angrily.
A giant cockroach comes into view.
Natasha zaps a wand.
The bolt of light hits you!
* * * LOW HITPOINT WARNING * * *
Natasha zaps a wand.
The bolt of light hits you!
You are confused.
You die...

##..####.##.######## #.# ##....
*##..**#,##........####.# #.....
* *#.,,*,*########......# #.....
***,*,*######*######.## *.....
*,*,##......* #..####.... ***
*,,,,.......### #.......... ,,**
***,**........# ##.###.....
*,,*****,**###.###.#####...†...†.
,,,,**,,,** #..@....†.<.###.....
,,,,,,,,,,***#...#######.# ##....
**,,,,,,,,,*#..### #.# ##...
,,,,,,,**,...h.*** #.# ####
,***,,,,.......,,* #.#
,***,*,,.......,,** #.#
***,,*,,..#!...,,,*****#.#*******
,,,,**,,.......,,,,,,,,#..,,,,,,,
,,,***,,,..###.*,,,,,,,*,,,,,,,,,


You could see Natasha.

Vanquished Creatures
  Natasha (twice) (D:3)
  2 adders
  5 worms (D:2)
  3 bats
  3 endoplasms
  2 giant cockroaches
  4 goblins
  4 hobgoblins
  4 jackals (D:1)
  A quokka (D:1)
  5 ball pythons
  3 frilled lizards
  5 kobolds
  5 rats
  A spectral hobgoblin (D:1)
49 creatures vanquished.

Notes
Turn   | Place    | Note
-------+----------+-------------------------------------------
     0 | D:1      | Linkola the Minotaur Fighter began the quest for the Orb.
     0 | D:1      | Reached XP level 1. HP: 19/19 MP: 0/0
    57 | D:1      | Reached XP level 2. HP: 18/27 MP: 1/1
   337 | D:1      | Found a faded altar of an unknown god.
   882 | D:2      | Reached XP level 3. HP: 33/33 MP: 2/2
  1670 | D:3      | Gained mutation: Your spells are a little harder to cast,
                  | but a little more powerful. [potion of mutation]
  1670 | D:3      | Gained mutation: You have hidden genetic potential. [potion
                  | of mutation]
  1670 | D:3      | Gained mutation: Your spells are harder to cast, but more
                  | powerful. [potion of mutation]
  1689 | D:3      | Noticed Natasha
  1697 | D:3      | Killed Natasha
  1698 | D:3      | Reached skill level 1 in Throwing
  1698 | D:3      | Reached skill level 1 in Evocations
  1698 | D:3      | Reached XP level 4. HP: 5/40 MP: 3/3
  1893 | D:3      | Noticed Natasha
  1900 | D:3      | Killed Natasha
  1912 | D:3      | Gained mutation: You have large cloven feet. [hidden
                  | potential]
  1920 | D:3      | Noticed Natasha
  1923 | D:3      | Killed from afar by Natasha

Illustrated notes

Levels and vault maps discovered:
D:1:      mainiacjoe_arrival_reflecting_pool, layout_basic,
          dreamdust_ecumenical_altar_drowned_temple
D:2:      layout_basic, minmay_tiny_reverse_x
D:3:      layout_rooms, lemuel_doored_altar, uniq_natasha

Skill      XL: |  1  2  3 |
---------------+----------+-----
Armour         | 4 |  4.6
Axes           | 3 |  3.9
Fighting       | 4 |  4.0
Throwing       | 1 |  1.3
Evocations     | 1 |  1.2
Dodging        | |  0.3
Shields        | |  3.8

Action                   |  1- 3 |  4- 6 || total
-------------------------+-------+-------++-------
Melee: War axe           |   105 |    11 ||   116
       Headbutt          |    14 |     1 ||    15
Throw: Stone             |     9 |       ||     9
  Use: Scroll            |    10 |       ||    10
       Potion            |     1 |       ||     1
Armor: Scale mail        |    12 |       ||    12
       Chain mail        |    45 |     3 ||    48
Dodge: Dodged            |    27 |     3 ||    30
Block: Buckler           |    13 |       ||    13
       Kite shield       |    10 |     5 ||    15
